 Dungeon Crawl Stone Soup version 0.27-a0-1046-g98bf31544f (webtiles) character file.

Game seed: 7874116152664082855

97 Mgcat the Skirmisher (level 4, -18/50 HPs)
             Began as an Ogre Fighter on Apr 19, 2021.
             Was an Initiate of Gozag.
             Demolished by an ogre
             ... wielding a +0 giant club
              (23 damage)
             ... on level 4 of the Dungeon.
             The game lasted 00:02:38 (2330 turns).

Mgcat the Skirmisher (Ogre Fighter)                 Turns: 2330, Time: 00:02:38

Health: -18/50     AC:  3    Str: 21    XL:     4   Next: 68%
Magic:  4/4        EV:  8    Int:  9    God:    Gozag
Gold:   86         SH:  8    Dex:  8    Spells: 3/3 levels left

rFire    . . .     SeeInvis .   a - +0 war axe
rCold    . . .     Faith    .   c - +0 kite shield
rNeg     . . .     Spirit   .   b - +0 robe
rPois    .         Reflect  .   (helmet restricted)
rElec    .         Harm     .   (no cloak)
rCorr    .         Rampage  .   (gloves unavailable)
Will     .....                  (boots unavailable)
Stlth    +.........             (no amulet)
HPRegen  0.16/turn              (no ring)
MPRegen  0.09/turn              (no ring)

@: no status effects
A: large, unfitting armour, tough skin 1
a: Renounce Religion, Potion Petition, Call Merchant, Bribe Branch


You were on level 4 of the Dungeon.
You worshipped Gozag.
Gozag was noncommittal.
You visited 1 branch of the dungeon, and saw 4 of its levels.

You collected 109 gold pieces.
You paid 23 gold pieces to Gozag.

Inventory:

Hand Weapons
 a - a +0 war axe (weapon)
Armour
 b - a +0 robe (worn)
 c - a +0 kite shield (worn)
Scrolls
 f - a scroll of noise {unknown}
 h - a scroll of fear {unknown}
 i - 3 scrolls of acquirement {unknown}
 j - a scroll of holy word {unknown}
 k - 2 scrolls of enchant armour {unknown}
 l - a scroll of silence {unknown}
 n - 2 scrolls of identify {unknown}
 o - 2 scrolls of torment {unknown}
Potions
 d - 3 potions of might
 e - 2 potions of curing {unknown}
 g - a potion of magic {unknown}
 m - 2 potions of attraction {unknown}
 p - 2 potions of heal wounds {unknown}
 q - a potion of mutation {unknown}


   Skills:
 + Level 5.1 Fighting
 * Level 4.0 Axes
 - Level 2.6 Dodging
 - Level 2.6 Shields


You had 3 spell levels left.
You didn't know any spells.
Your spell library was empty.

Dungeon Overview and Level Annotations

Branches:
Dungeon (4/15)
 Temple: D:4-7

Altars:
Dithmenos
Elyvilon
Gozag
Hepliaklqana
Nemelex Xobeh
Okawaru
Qazlal
Trog

Shops:
D:1 [


Innate Abilities, Weirdness & Mutations

You are too large for most types of armour.
You have tough skin. (AC +1)


Message History

There is an opulent altar of Gozag here.
There is a sparkling altar of Nemelex Xobeh here.
You see here a +0 flail.
Things that are here:
a +0 hand axe; an orc corpse
Things that are here:
a +0 leather armour; a +0 dagger; a +0 falchion You now have 71 gold pieces (gained 14).
There is a stone staircase leading down here.
HP restored.
You see here a +0 falchion.
There is a stone staircase leading down here.
An endoplasm is nearby!
Health restored: 50 Unknown command.
No reachable target in view!
No reachable target in view!
An endoplasm is nearby!
No reachable target in view!
No reachable target in view!
The endoplasm quivers.
The endoplasm hits you.
You take 2 damage, and have 48/50 hp.
You hit the endoplasm.
The endoplasm is lightly wounded.
The endoplasm freezes you.
You are frozen.
You take 4 damage, and have 44/50 hp.
You slash the endoplasm!
You kill the endoplasm!
No target in view!
No target in view!
No target in view!
You now have enough gold to buy a glowing robe on D:1, or buy a runed robe on D:1.
You can access your shopping list by pressing '$'.
You now have 80 gold pieces (gained 9).
d - 3 potions of might (gained 1)
n - 2 scrolls labelled TOTAKU PELEBOU (gained 1)
You open the door.
There is an open door here.
You open the door.
There is an open door here.
A quokka comes into view.
Health restored: 50 You block the quokka's attack.
You closely miss the quokka. The quokka closely misses you.
The quokka barely misses you.
You miss the quokka. You block the quokka's attack. The quokka bites you.
You take 3 damage, and have 47/50 hp.
You slash the quokka!
You kill the quokka!
No target in view!
No target in view!
You now have 86 gold pieces (gained 6).
There is a stone staircase leading down here.
There is an open door here.
You see here a +0 flail.
You see here a +0 hand axe.
Things that are here:
a +0 leather armour; a +0 dagger; a +0 falchion Done exploring.
Health restored: 50 Done exploring.
Done exploring.
Done exploring.
Done exploring.
(D) Dungeon
Where to? (? - help)
What level of the Dungeon? (default 1, ? - help)
There is a stone staircase leading down here.
You climb downwards.
There is a stone staircase leading up here.
An ogre comes into view. It is wielding a +0 giant club.
Spoiler Alert: The ogre (wandering) can hit for high damage in melee!
The ogre shouts!
Spoiler Alert: The ogre can hit for high damage in melee!
You aren't carrying any items that you can evoke.
Unknown command.
Unknown command.
Unknown command.
You hit the ogre.
The ogre is lightly wounded.
The ogre hits you with a +0 giant club!
You take 17 damage, and have 33/50 hp.
MASSIVE DAMAGE!!
Spoiler Alert: The ogre can hit for high damage in melee!
You slash the ogre!
The ogre is heavily wounded.
The ogre hits you with a +0 giant club!
You take 13 damage, and have 20/50 hp.
MASSIVE DAMAGE!!
You closely miss the ogre.
The ogre is heavily wounded.
You block the ogre's attack.
Spoiler Alert: The ogre can hit for high damage in melee!
You barely miss the ogre.
The ogre is heavily wounded.
The ogre hits you with a +0 giant club!
* * * LOW HITPOINT WARNING * * *
The ogre hits you with a +0 giant club!!
You die...
Your body crumbles into a pile of gold.

#.....###.##.#
.....#?#....#
.######.###..###
...........O...#
.......#..####.#
.............#.#
.##..#######.#.#
#...........#O#
..##.#########@#
. #.#.........#
#.#.######..#
#.#......#..#
#.#..###.#..#
#......#.#..#
###..#.#.#..#
####..#.#.#).#
#..<..#...#..#


You could see an ogre.

Vanquished Creatures
  An orc priest (D:3)
  2 adders (D:3)
  2 dart slugs
  3 orcs (D:3)
  4 endoplasms
  3 giant cockroaches
  2 goblins
  3 jackals (D:1)
  2 quokkas (D:3)
  4 ball pythons
  4 bats
  2 frilled lizards (D:1)
  5 kobolds
  7 rats
44 creatures vanquished.

Notes
Turn   | Place    | Note
-------+----------+-------------------------------------------
     0 | D:1      | Mgcat the Ogre Fighter began the quest for the Orb.
     0 | D:1      | Reached XP level 1. HP: 24/24 MP: 1/1
   166 | D:1      | Reached XP level 2. HP: 31/32 MP: 2/2
   363 | D:1      | Reached skill level 3 in Axes
   363 | D:1      | Reached XP level 3. HP: 38/40 MP: 3/3
   407 | D:1      | Found Ossafrie's Antique Armour Emporium.
  1191 | D:3      | Found a shadowy altar of Dithmenos.
  1192 | D:3      | Found a bloodstained altar of Trog.
  1194 | D:3      | Found a white marble altar of Elyvilon.
  1195 | D:3      | Found a stormy altar of Qazlal.
  1195 | D:3      | Found an opulent altar of Gozag.
  1202 | D:3      | Found an iron altar of Okawaru.
  1202 | D:3      | Found a hazy altar of Hepliaklqana.
  1203 | D:3      | Found a sparkling altar of Nemelex Xobeh.
  1424 | D:3      | Reached XP level 4. HP: 46/49 MP: 4/4
  1567 | D:3      | Reached skill level 5 in Fighting
  1567 | D:3      | Reached skill level 4 in Axes
  1715 | D:3      | Became a worshipper of Gozag Ym Sagoz the Greedy
  2310 | D:4      | Noticed an ogre
  2330 | D:4      | HP: 5/50 [ogre/+0 giant club (15)]
  2330 | D:4      | Demolished by an ogre

Illustrated notes

Levels and vault maps discovered:
D:1:      psy_arrival_terrarium, layout_rooms, serial_shops,
          nicolae_shop_crystal
D:2:      layout_basic, serial_bayou_lagoon_a
D:3:      layout_basic, grunt_temple_overflow_open, small_statue_alley_b
D:4:      layout_basic, minmay_temple_entry_mist, item_on_display_a

Skill      XL: |  1  2  3  4 |
---------------+-------------+-----
Axes           | 3 4 |  4.0
Fighting       | 5 |  5.1
Dodging        | |  2.6
Shields        | |  2.6

Action                   |  1- 3 |  4- 6 || total
-------------------------+-------+-------++-------
Melee: War axe           |   100 |    19 ||   119
 Stab: Sleeping          |     1 |       ||     1
Armor: Robe              |    33 |       ||    33
Dodge: Dodged            |    34 |     3 ||    37
Block: Kite shield       |    50 |     6 ||    56

Table legend: (Time is in decaauts)
 A = Elapsed time spent in this place.
 B = Non-inter-level travel time spent in this place.
 C = Inter-level travel time spent in this place.
 D = Time resting spent in this place.
 E = Time spent auto-exploring this place.
 F = Levels seen in this place.
 G = Mean time per level.
                   A        B        C        D        E       F      G
               +--------+--------+--------+--------+--------+-----+--------+
         Total |   2408 |   2212 |    196 |    346 |   1472 |   4 |  602.0 |
       Dungeon |   2408 |   2212 |    196 |    346 |   1472 |   4 |  602.0 |
               +--------+--------+--------+--------+--------+-----+--------+

Top non-repeatable levels by time:
     D:3: 1234 daAuts
     D:1: 560 daAuts
     D:2: 539 daAuts
     D:4: 74 daAuts

Table legend:
 A = Kills in this place as a percentage of kills in entire the game.
 B = Kills by you in this place as a percentage of kills by you in the entire game.
 C = Kills by friends in this place as a percentage of kills by friends in the entire game.
 D = Other kills in this place as a percentage of other kills in the entire game.
 E = Experience gained in this place as a percentage of experience gained in the entire game.
 F = Experience gained in this place divided by the number of levels of this place that you have seen.
                   A       B       C       D       E      F
               +-------+-------+-------+-------+-------+----------------------
         Total | 100.0 | 100.0 |   N/A |   N/A | 100.0 |  34.8
       Dungeon | 100.0 | 100.0 |   N/A |   N/A | 100.0 |  34.8
               +-------+-------+-------+-------+-------+----------------------
